AoeStats
← aleksbg02

Black Forest

510564434Analyzed
3v3 RM · 1d ago on Oct 1, 2026· 62m 22s· 6 players
Game mode
Random Map
Map size
Normal (6 player)
Population
200
Speed
Normal
Resources
Standard
Victory
Conquest
Starting age
Dark Age
Ending age
Imperial Age
RankedLock teamsTeams togetherTeam positionsShared explorationLock speedFull tech treeHidden civsTurbo modeCheats
Victory
Defeat
🇧🇬 Ethiopians · Bulgaria
604
+18
🇧🇬 Malay · Bulgaria
559
+19
🇷🇺 Maya · Russia
507
+22
🇨🇳 Wei · China
663
-21
🇨🇳 Persians · China
642
-20
🇨🇳 Turks · China
592
-18
PIPI3366
0:57 Loom
11:50 Feudal Age
17:43 Castle Age
16:53 Double-Bit Axe
22:31 Bow Saw
24:32 Crossbowman
25:21 Squires
32:10 Imperial Age
33:01 Kamandaran
35:04 Forging
34:54 Scale Mail Armor
34:59 Scale Barding Armor
34:55 Padded Archer Armor
34:46 Fletching
35:20 Ballistics
38:29 Thumb Ring
37:44 Elite Skirmisher
37:52 Light Cavalry
41:02 Two-Man Saw
39:58 Town Watch
40:49 Wheelbarrow
43:54 Chemistry
43:02 Husbandry
43:13 Bloodlines
42:24 Hussar
42:55 Cavalier
48:16 Iron Casting
47:56 Chain Mail Armor
48:01 Chain Barding Armor
47:57 Leather Archer Armor
52:07 Pikeman
QS旺旺仙贝
14:03 Feudal Age
19:54 Castle Age
17:53 Double-Bit Axe
17:50 Horse Collar
18:47 Wheelbarrow
19:32 Scale Barding Armor
22:19 Hand Cart
26:26 Gold Mining
26:28 Stone Mining
26:49 Bow Saw
27:04 Heavy Plow
26:55 Loom
26:56 Town Watch
33:17 Tuntian
34:32 Husbandry
34:42 Bloodlines
35:41 Gold Shaft Mining
35:41 Stone Shaft Mining
35:37 Caravan
39:07 Imperial Age
37:54 Town Patrol
39:08 Heavy Hei Guang Cavalry
39:57 Scale Barding Armor
44:27 Chain Barding Armor
44:18 Forging
50:56 Elite Skirmisher
51:42 Thumb Ring
50:59 Crossbowman
52:53 Parthian Tactics
jumbleknight
12:36 Feudal Age
13:04 Double-Bit Axe
13:03 Horse Collar
18:07 Gold Mining
18:12 Stone Mining
22:28 Castle Age
23:27 Bow Saw
23:45 Heavy Plow
30:39 Padded Archer Armor
30:29 Fletching
35:50 Wheelbarrow
35:33 Murder Holes
37:42 Hand Cart
38:13 Sipahi
38:22 Squires
38:08 Arson
38:51 Caravan
39:57 Husbandry
40:09 Bloodlines
41:33 Fletching
42:23 Sipahi
43:16 Ballistics
45:47 Imperial Age
45:48 Leather Archer Armor
45:28 Bodkin Arrow
48:22 Two-Man Saw
48:17 Coinage
48:58 Parthian Tactics
50:18 Bracer
50:48 Ring Archer Armor
50:30 Forging
50:26 Scale Barding Armor
50:21 Scale Mail Armor
51:52 Elite Janissary
55:49 Elite Janissary
aleksbg02
0:36 Loom
12:10 Feudal Age
12:39 Wheelbarrow
11:55 Double-Bit Axe
11:52 Horse Collar
20:39 Castle Age
19:19 Stone Mining
20:26 Bow Saw
20:20 Heavy Plow
22:02 Hand Cart
24:43 Forging
24:49 Arson
25:04 Squires
26:38 Iron Casting
33:24 Imperial Age
31:05 Caravan
30:57 Treadmill Crane
33:19 Conscription
32:59 Elite Karambit Warrior
34:49 Masonry
36:11 Stone Shaft Mining
35:29 Gold Mining
37:03 Blast Furnace
36:18 Siege Engineers
36:11 Murder Holes
38:04 Crop Rotation
39:17 Ballistics
41:52 Forced Levy
47:24 Chemistry
46:44 Husbandry
46:05 Elite Battle Elephant
49:14 Scale Barding Armor
55:36 Gold Shaft Mining
Divko01
2:53 Loom
14:10 Feudal Age
15:29 Wheelbarrow
15:31 Gold Mining
15:32 Double-Bit Axe
15:30 Horse Collar
15:44 Stone Mining
24:26 Castle Age
24:04 Padded Archer Armor
23:56 Fletching
25:28 Caravan
25:39 Heavy Plow
25:53 Bow Saw
26:23 Stone Shaft Mining
26:05 Leather Archer Armor
25:47 Bodkin Arrow
27:45 Hand Cart
28:25 Ballistics
28:03 Murder Holes
33:26 Imperial Age
32:59 Devotion
33:59 Masonry
35:22 Two-Man Saw
34:29 Bracer
35:00 Ring Archer Armor
35:05 Crop Rotation
36:16 Elite Plumed Archer
38:45 Conscription
39:48 Chemistry
38:42 Treadmill Crane
38:53 Heated Shot
40:55 Thumb Ring
42:14 Squires
41:35 Pikeman
42:01 Arson
42:57 Faith
43:30 Architecture
43:16 Fortified Wall
44:15 Hoardings
45:01 Halberdier
Lyubo04
0:56 Loom
12:21 Feudal Age
12:57 Double-Bit Axe
12:53 Horse Collar
16:56 Gold Mining
19:46 Gold Mining
19:48 Stone Mining
22:08 Castle Age
23:19 Caravan
23:40 Bow Saw
23:44 Heavy Plow
24:24 Crossbowman
33:37 Imperial Age
30:54 Town Watch
32:14 Fletching
32:25 Padded Archer Armor
32:36 Forging
32:31 Scale Barding Armor
35:57 Conscription
36:53 Two-Man Saw
35:27 Arbalester
36:13 Bodkin Arrow
36:33 Leather Archer Armor
36:46 Scale Mail Armor
37:57 Thumb Ring
38:18 Bracer
38:49 Ring Archer Armor
39:33 Squires
42:54 Chain Mail Armor
43:15 Iron Casting
43:02 Ballistics
43:43 Chemistry
45:44 Elite Shotel Warrior
46:30 Royal Heirs
47:01 Plate Mail Armor
47:31 Blast Furnace
53:27 Arson
57:32 Masonry
57:34 Fortified Wall
57:23 Murder Holes
Connection lost

Rejoining the realm…

Still unreachable

The connection could not be restored.

Session expired

The server has moved on; the page needs a fresh start.